 Dungeon Crawl Stone Soup version 0.23-a0-577-g2b1de94 (webtiles) character file.

32 Inarius the Chopper (level 3, 0/29 HPs)
             Began as a Human Chaos Knight on Dec 14, 2018.
             Was a Plaything of Xom.
             Succumbed to an adder's poison
             ... on level 1 of the Dungeon.
             The game lasted 00:02:27 (999 turns).

Inarius the Chopper (Human Chaos Knight)             Turns: 999, Time: 00:02:28

Health: 0/29       AC:  5    Str: 13    XL:     3   Next: 42%
Magic:  3/3        EV: 11    Int: 12    God:    Xom [.....*]
Gold:   52         SH:  0    Dex: 12    Spells: 2/2 levels left

rFire    . . .     SeeInvis .   a - +0 hand axe (chaos)
rCold    . . .     Gourm    .   (no shield)
rNeg     . . .     Faith    .   b - +2 leather armour
rPois    .         Spirit   .   (no helmet)
rElec    .         Reflect  .   (no cloak)
rCorr    .         Harm     .   (no gloves)
MR       .....                  (no boots)
Stlth    +.........             (no amulet)
HPRegen  0.09/turn              (no ring)
MPRegen  0.08/turn              (no ring)

@: lethally poisoned (0 -> -14)
A: no striking features
a: Renounce Religion


You were on level 1 of the Dungeon.
You worshipped Xom.
You were Xom's teddy bear.
You were not hungry.

You visited 1 branch of the dungeon, and saw 2 of its levels.

You collected 52 gold pieces.

Inventory:

Hand Weapons
 a - a +0 hand axe of chaos (weapon)
Armour
 b - a +2 leather armour (worn)
Scrolls
 e - 2 scrolls of identify {unknown}
 g - 3 scrolls of enchant armour {unknown}
 i - a scroll of remove curse {unknown}
 j - 3 scrolls of teleportation
Comestibles
 c - 3 rations


   Skills:
 + Level 3.4 Fighting
 * Level 3.8 Axes
 + Level 2.0 Armour
 + Level 1.0 Dodging


You had 2 spell levels left.
You didn't know any spells.
Your spell library contained the following spells:

 Spells                   Type           Power        Failure   Level  Hunger
 Blink                    Tloc           N/A          54%         2    ###....
 Shroud of Golubria       Chrm/Tloc      #.........   54%         2    ###....
 Gell's Gravitas          Tloc           #.........   77%         3    ####...
 Lesser Beckoning         Tloc           #.........   77%         3    ####...
 Teleport Other           Tloc           #.......     77%         3    ####...
 Passage of Golubria      Tloc           N/A          99%         4    #####..


Dungeon Overview and Level Annotations

Branches:
Dungeon (2/15)

Altars:


Message History

The adder closely misses you. The adder bites you.
You are more poisoned.
The adder poisons you!
* * * LOW HITPOINT WARNING * * *
You feel sick. The adder bites you but does no damage.
* * * LOW HITPOINT WARNING * * *
You feel sick. The adder bites you but does no damage.
* * * LOW HITPOINT WARNING * * *
You feel sick. The adder bites you but does no damage. The adder misses you.
* * * LOW HITPOINT WARNING * * *
You feel sick.
* * * LOW HITPOINT WARNING * * *
You feel sick. The adder bites you but does no damage.
There is an open door here.
* * * LOW HITPOINT WARNING * * *
You feel sick. The adder bites you.
* * * LOW HITPOINT WARNING * * *
You miss the adder.
You die...
Xom chortles!

#.#.#.###.(.......#......##
#.#.### ##.###(...#......8#
..#.# #.# ####.'......<#
..#.# ##+## #.#......8#
..#.# ##...## #.#......##
....# ##.....## #.#......#
.######.......###.#......#
).####...>...(.##.###8.8##
.....'........SS@.#######
..####.........##......#
.## ##....)..###..#.#.# ##
##.....## #......# ##...##
##.##### ### ##+## #...###
..# #.# #.....# #.##### #.#
#...#.# ......# ##.##
#####.#


You could see 2 adders.

Vanquished Creatures
  2 dart slugs (D:1)
  7 bats (D:1)
  2 giant cockroaches (D:1)
  4 goblins (D:1)
  3 hobgoblins (D:1)
  3 kobolds (D:1)
  2 frilled lizards (D:1)
  5 rats (D:1)
28 creatures vanquished.

Notes
Turn   | Place    | Note
-------+----------+-------------------------------------------
     0 | D:1      | Inarius the Human Chaos Knight began the quest for the Orb.
     0 | D:1      | Reached XP level 1. HP: 18/18 MP: 1/1
   127 | D:1      | XOM is BORED!
   127 | D:1      | XOM: harmless Fire miscast
   158 | D:1      | Reached XP level 2. HP: 22/24 MP: 2/2
   305 | D:1      | XOM: scenery: 1 doors open
   542 | D:1      | Reached XP level 3. HP: 25/29 MP: 3/3
   575 | D:1      | XOM: 6-stop teleportation journey
   778 | D:1      | XOM: god gift: book of Spatial Translocations
   998 | D:1      | HP: 1/29 [adder (2)]
   999 | D:1      | Succumbed to an adder's poison

Vault maps used:
D:1:      mrwooster_arrival_statue_3, minmay_tripent
D:2:      uniq_sigmund

Action                   || total
-------------------------++-------
Melee: Hand axe          ||    80
  Use: Potion            ||     2
       Scroll            ||     1
 Stab: Sleeping          ||     1
Armor: Leather armour    ||    47
Dodge: Dodged            ||    75

Table legend:
 A = Non-vault XP
 B = Vault XP
 C = Vault XP percentage of total XP
 D = Non-vault monster count
 E = Vault monster count
 F = Vault count percentage of total count
                 A         B        C        D         E       F
            +---------+---------+-------+---------+---------+-------
      Total |      43 |       3 |   6.5 |      26 |       2 |   7.1
            +---------+---------+-------+---------+---------+-------
        D:1 |      43 |       3 |   6.5 |      26 |       2 |   7.1
            +---------+---------+-------+---------+---------+-------
